 Dungeon Crawl Stone Soup version 0.30-a0-782-ge64f9170bb (webtiles) character file.

Game seed: 12313882214152696162

372 Anon1729 the Slasher (level 6, 0/56 HPs)
             Began as a Minotaur Monk on Feb 21, 2023.
             Slain by a scorpion (2 damage)
             ... on level 6 of the Dungeon.
             The game lasted 00:04:22 (4052 turns).

Anon1729 the Slasher (Minotaur Monk)                Turns: 4052, Time: 00:04:22

Health: 0/56       AC:  2    Str: 16    XL:     6   Next: 43%
Magic:  5/5        EV: 14    Int:  7    God:
Gold:   38         SH:  0    Dex: 14    Spells: 5/5 levels left

rFire   . . .      SeeInvis .    a - +0 falchion
rCold   . . .      Faith    .    (no shield)
rNeg    . . .      Spirit   .    b - +0 robe
rPois   .          Reflect  .    (helmet restricted)
rElec   .          Harm     .    x - scarf {+Inv}
rCorr   .          Rampage  .    (no gloves)
Will    .....                    (no boots)
Stlth   +                        (no amulet)
HPRegen 0.29/turn                q - ring of flight
MPRegen 0.09/turn                (no ring)

@: confused, brilliant, lethally poisoned (0 -> -10), ambrosia-drunk, flying
A: horns 2, retaliatory headbutt
a: Evoke Invisibility


You were on level 6 of the Dungeon.
You visited 2 branches of the dungeon, and saw 7 of its levels.

You collected 164 gold pieces.
You spent 126 gold pieces at shops.

Inventory:

Hand Weapons
 a - a +0 falchion (weapon)
Missiles
 d - 2 throwing nets (quivered)
 y - 5 datura-tipped darts
Armour
 b - a +0 robe (worn)
 x - a scarf of invisibility (worn)
Jewellery
 q - a ring of flight (left hand)
Scrolls
 e - a scroll of fog {unknown}
 f - 2 scrolls of enchant weapon
 h - a scroll of summoning {unknown}
 i - a scroll of teleportation {unknown}
 j - 2 scrolls of fear
 l - a scroll of brand weapon {unknown}
 m - 4 scrolls of vulnerability
 s - a scroll of enchant armour {unknown}
 t - a scroll of acquirement {unknown}
 v - a scroll of immolation {unknown}
 w - a scroll of blinking
 A - a scroll of identify
Potions
 g - a potion of might {unknown}
 k - a potion of mutation {unknown}
 n - a potion of attraction
 o - a potion of haste {unknown}
 p - a potion of lignification {unknown}
 u - a potion of heal wounds {unknown}


   Skills:
 + Level 5.3 Fighting
 + Level 5.3 Long Blades
 + Level 4.8 Dodging
 + Level 3.3 Stealth
 + Level 0.6 Evocations


You had 5 spell levels left.
You didn't know any spells.
Your spell library contained the following spells:

 Spells                   Type           Power      Damage    Failure   Level
 Apportation              Tloc           0%         N/A       43%         1
 Foxfire                  Conj/Fire      0%         2x1d4     43%         1
 Necrotise                Necr           0%         1d4       43%         1
 Shock                    Conj/Air       0%         1d3       43%         1
 Summon Small Mammal      Summ           0%         N/A       43%         1
 Swiftness                Air            0%         N/A       80%         3
 Airstrike                Air            0%         2d(0-16)  99%         4
 Fireball                 Conj/Fire      0%         3d3       100%        5
 Starburst                Conj/Fire      0%         6d3       100%        6


Dungeon Overview and Level Annotations

Branches:
Dungeon (6/15)             Temple (1/1) D:4

Altars:
Dithmenos
Sif Muna

Shops:
D:1 ?

Annotations:
D:5 Edmund


Innate Abilities, Weirdness & Mutations

You have a pair of horns on your head.
You reflexively headbutt those who attack you in melee.


Message History

You headbutt the scorpion. You hit the scorpion but do no damage.
The scorpion is moderately wounded.
You feel sick. The scorpion barely misses you. You furiously retaliate!
You headbutt the scorpion. You closely miss the scorpion.
The scorpion is severely wounded.
You feel sick. The scorpion stings you.
You hit the scorpion but do no damage. Your punch misses the scorpion.
The scorpion is severely wounded.
You feel sick. The scorpion stings you. x2
You are more poisoned.
The scorpion poisons you!
You hit the scorpion but do no damage.
The scorpion is severely wounded.
You feel very sick. The scorpion stings you.
* * * LOW HITPOINT WARNING * * *
You barely miss the scorpion.
The scorpion is severely wounded.
You feel sick. The scorpion stings you.
* * * LOW HITPOINT WARNING * * *
You are lethally poisoned!
The scorpion poisons you!
You are confused.
You feel invigorated.
* * * LOW HITPOINT WARNING * * *
You feel very sick. The scorpion closely misses you.
It was a potion of magic.
Magic courses through your body.
* * * LOW HITPOINT WARNING * * *
You feel very sick. The scorpion stings you!
* * * LOW HITPOINT WARNING * * *
It was a potion of brilliance.
You feel clever all of a sudden.
* * * LOW HITPOINT WARNING * * *
You feel very sick. The scorpion barely misses you. The scorpion stings you.
You die...

....# . #....
.####...##
......8.# .
#.P88..# ..
#..P...##..#
.####888s....#
.......@....##
######.......##
#.<......#
####.##.#. #..
.. ##.## #


You could see a scorpion.

Vanquished Creatures
  A scorpion (D:4)
  A hound (D:5)
  A jelly (D:6)
  An orc priest (D:3)
  An iguana (D:5)
  An orc wizard (D:3)
  4 adders
  4 gnolls (D:4)
  A worm (D:2)
  A dart slug (D:2)
  4 orcs
  9 endoplasms
  6 giant cockroaches
  14 goblins
  7 hobgoblins
  2 jackals (D:1)
  7 kobolds
  A quokka (D:4)
  11 ball pythons
  4 bats
  4 frilled lizards (D:2)
  8 rats
93 creatures vanquished.

Notes
Turn   | Place    | Note
-------+----------+-------------------------------------------
     0 | D:1      | Anon1729 the Minotaur Monk began the quest for the Orb.
     0 | D:1      | Reached XP level 1. HP: 19/19 MP: 0/0
   130 | D:1      | Found Enna's Magic Scroll Shop.
   181 | D:1      | Reached XP level 2. HP: 27/27 MP: 1/1
   534 | D:1      | Reached XP level 3. HP: 28/33 MP: 2/2
   910 | D:2      | Found a shadowy altar of Dithmenos.
  1160 | D:2      | Reached XP level 4. HP: 7/40 MP: 3/3
  2008 | D:3      | Found a shimmering blue altar of Sif Muna.
  2199 | D:3      | Reached XP level 5. HP: 22/47 MP: 4/4
  2956 | D:4      | Found a staircase to the Ecumenical Temple.
  2989 | Temple   | Entered the Ecumenical Temple
  3203 | D:4      | Reached skill level 5 in Fighting
  3207 | D:4      | Reached skill level 5 in Long Blades
  3443 | D:4      | Reached XP level 6. HP: 24/56 MP: 5/5
  3688 | D:1      | Bought a scroll of blinking for 82 gold pieces
  3688 | D:1      | Bought a scroll of identify for 22 gold pieces
  3688 | D:1      | Bought a scroll of identify for 22 gold pieces
  3794 | D:5      | Entered Level 5 of the Dungeon
  3796 | D:5      | Noticed Edmund
  4051 | D:6      | HP: 1/56 [scorpion (7)]
  4052 | D:6      | Slain by a scorpion

Illustrated notes

Levels and vault maps discovered:
D:1:      wander_arrival_peaceful_grave, layout_loops_ring, serial_shops, shop,
          grunt_decor_junction, minmay_bisected
D:2:      layout_basic, basic_altar
D:3:      layout_basic, old_standard_altar
D:4:      layout_rooms, minmay_temple_entry_antechambers
D:5:      layout_loops_ring, nicolae_nh_ransacked_shop, uniq_edmund
D:6:      layout_loops_ring, kennysheep_mini_moat, xom_butterflies,
          marbit_many_paths, serial_undead, serial_undead_b, serial_undead_f,
          serial_undead_c, serial_undead_b, serial_undead_d, serial_undead_d,
          serial_undead_d, serial_undead_b, serial_undead_d, serial_undead_a
Temple:   ebering_the_none_and_only

Skill      XL: |  1  2  3  4  5 |
---------------+----------------+-----
Fighting       | 4 5 |  5.3
Stealth        | 2 3 |  3.3
Long Blades    | 4 5 |  5.3
Dodging        | 4 |  4.8
Evocations     | |  0.6

Action                     |  1- 3 |  4- 6 || total
---------------------------+-------+-------++-------
  Melee: Falchion          |    98 |   136 ||   234
         Headbutt          |    12 |    21 ||    33
         Punch             |     2 |       ||     2
    Use: Potion            |       |     8 ||     8
         Scroll            |       |     3 ||     3
   Stab: Sleeping          |     6 |    12 ||    18
 Armour: Robe              |    15 |    15 ||    30
  Dodge: Dodged            |    67 |    82 ||   149

Table legend: (Time is in decaauts)
 A = Elapsed time spent in this place.
 B = Non-inter-level travel time spent in this place.
 C = Inter-level travel time spent in this place.
 D = Time resting spent in this place.
 E = Time spent auto-exploring this place.
 F = Levels seen in this place.
 G = Mean time per level.
                   A        B        C        D        E       F      G
               +--------+--------+--------+--------+--------+-----+--------+
         Total |   4074 |   3736 |    338 |    332 |   2735 |   7 |  582.0 |
       Dungeon |   4065 |   3728 |    337 |    332 |   2735 |   6 |  677.5 |
        Temple |      9 |      9 |      0 |      0 |      0 |   1 |    9.0 |
               +--------+--------+--------+--------+--------+-----+--------+

Top non-repeatable levels by time:
     D:2: 1203 daAuts
     D:3: 1099 daAuts
     D:1: 891 daAuts
     D:4: 641 daAuts
     D:5: 210 daAuts
     D:6: 18 daAuts
  Temple: 9 daAuts
